 Dungeon Crawl Stone Soup version 0.32-a0-899-geb5ba95c15 (webtiles) character file.

Game seed: 2955542647856613031

60 Kenran the Ruffian (level 3, -4/42 HPs)
             Began as a Demigod Shapeshifter on Apr 5, 2024.
             Killed from afar by Ijyb (9 damage)
             ... with a bolt of light
             ... on level 3 of the Dungeon.
             The game lasted 00:03:42 (2353 turns).

Kenran the Ruffian (Demigod Shapeshifter)           Turns: 2353, Time: 00:03:43

Health: -4/42      AC: 21    Str: 19    XL:     3   Next: 55%
Magic:  14/14      EV:  2    Int: 12    God:
Gold:   89         SH:  0    Dex: 13    Spells: 2/2 levels left

rFire   . .          .
                       - Unarmed
rCold   . . .        (no shield)
rNeg    + . .        i - melded +0 scale mail
rPois   +            (helmet currently unavailable)
rElec   .            (cloak currently unavailable)
rCorr   .            (gloves currently unavailable)
SInv    .            (boots currently unavailable)
Will    ++...        g - amulet of the acrobat
Stlth   +            e - ring of Ofohio {rN+ Will+ MP+9 Slay+2}
HPRegen 0.27/turn    n - +5 ring of evasion
MPRegen 0.14/turn

%: acrobat
@: confused, tree-form, enlightened
A: stationary, stasis, torment immunity, boosted hp, high MP 1, forlorn, divine
attributes
a: no special abilities


You were on level 3 of the Dungeon.
You were a tree.
You visited 1 branch of the dungeon, and saw 3 of its levels.

You collected 89 gold pieces.

Inventory:

Hand Weapons
 q - the +7 arbalest "Geimue Sevo" {freeze, rN+ Dex+3}
   (You found it on level 3 of the Dungeon)

   Dex+3:     It affects your dexterity (+3).
   rN+:       It protects you from negative energy.
Missiles
 f - 6 poisoned darts (quivered)
Armour
 a - a +1 animal skin
 i - a +0 scale mail (melded)
Jewellery
 e - the ring of Ofohio (left branch) {rN+ Will+ MP+9 Slay+2}
   (You acquired it on level 1 of the Dungeon)

   [ring of magical power]

   Slay+2:    It affects your accuracy & damage with ranged weapons and melee
   (+2).
   rN+:       It protects you from negative energy.
   Will+:     It increases your willpower.
   MP+9:      It affects your magic capacity (+9).
 g - an amulet of the acrobat (around neck)
 n - a +5 ring of evasion (right branch)
Talismans
 c - a beast talisman (active)
 d - a flux talisman
Scrolls
 h - a scroll of teleportation
 j - 3 scrolls of identify {unknown}
 p - a scroll of amnesia {unknown}
Potions
 b - 2 potions of lignification {!q}
 k - a potion of degeneration {unknown}
 l - a potion of mutation {!q}
 m - a potion of enlightenment
 o - a potion of curing {unknown}


   Skills:
 - Level 1.0 Fighting
 - Level 1.7 Dodging
 + Level 4.3 Unarmed Combat
 - Level 2.6 Shapeshifting


You had 2 spell levels left.
You didn't know any spells.
Your spell library contained the following spells:

 Spells                   Type           Power      Damage    Failure   Level
 Apportation              Tloc           0%         N/A       32%         1
 Jinxbite                 Hex            0%         N/A       45%         2
 Alistair's Intoxication  Alch           0%         N/A       100%        5


Dungeon Overview and Level Annotations

Branches:
Dungeon (3/15)

Annotations:
D:3 Ijyb


Innate Abilities, Weirdness & Mutations

You are a tree.
Your roots penetrate the ground, keeping you stationary.
You cannot be teleported.
You are immune to unholy pain and torment.
Your maximum health is greatly increased.
Your equipment is partially melded.
You have an increased reservoir of magic. (+10% MP)
You shall have no god before yourself.
Your divine heritage dramatically boosts your attributes as you level up.


Message History

You see here the +7 arbalest "Geimue Sevo" {freeze, rN+ Dex+3}.
Ijyb the Inquisitive comes into view.
She is wielding a +0 dagger and carrying a wand of light.
Ijyb shouts!
You see here the +7 arbalest "Geimue Sevo" {freeze, rN+ Dex+3}.
q - the +7 arbalest "Geimue Sevo" {freeze, rN+ Dex+3} You feel agile.
The +7 arbalest "Geimue Sevo" {freeze, rN+ Dex+3} is covered in frost.
q - the +7 arbalest "Geimue Sevo" (weapon)
{freeze, rN+ Dex+3} Fire: q) +7 arbalest "Geimue Sevo" {freeze, rN+ Dex+3}
Press: ? - help, Q - select action, (/) - cycle Shift-Dir - straight line, f - Ijyb
Aim: Ijyb, wielding a +0 dagger, wearing a +0 leather armour and carrying a wand of light (60% to hit)
You shoot a bolt. The bolt completely misses Ijyb.
Ijyb zaps a wand.
The bolt of light hits you!
You are confused.
Ouch! That really hurt!
Non-targeted confused fire: q) +7 arbalest "Geimue Sevo" {freeze, rN+ Dex+3}
Press: ? - help, Q - select action, (/) - cycle Dir - look around, f - activate
Okay, then.
Okay, then.
You are too confused!
Unknown command.
Unknown command.
Your transformation has ended.
You turn into a tree.
Your +0 scale mail melds into your body.
Your roots penetrate the ground.
Okay, then.
The +7 arbalest "Geimue Sevo" {freeze, rN+ Dex+3} stops glowing.
You are now empty-handed.
Ijyb zaps a wand.
The bolt of light hits you but does no damage.
You are more confused.
It was a potion of mutation.
You feel extremely strange.
You feel the urge to shout.
Your urge to shout disappears.
Ijyb zaps a wand.
The bolt of light hits you!
* * * LOW HITPOINT WARNING * * *
It was a potion of enlightenment.
Your roots keep you in place.
Ijyb zaps a wand.
The bolt of light hits you!
You are more confused.
You die...
Ijyb screams, "Time for next experiment!"

# #... ######### #.#
.##...##.......###.#
.......#...........#
#....#.......########
#....#............... .
#............######## ..
###..#.......# # ...
#..#.####### # ....
#.♣#.##### #
.....####..#.#...# #
........#.g#.#...# ########
........#..#.#...# #......#
...........#.#...# #......#
........##.#.#...###.<.....
.#.........#..............#
#.#..[.######............#
........................>..


You could see Ijyb.

Vanquished Creatures
  An adder (D:2)
  3 ribbon worms
  2 dart slugs
  6 endoplasms
  3 goblins
  4 hobgoblins
  2 kobolds
  6 quokkas
  4 ball pythons
  3 bats
  A frilled lizard (D:1)
  2 rats (D:1)
37 creatures vanquished.

Notes
Turn   | Place    | Note
-------+----------+-------------------------------------------
     0 | D:1      | Kenran the Demigod Shapeshifter began the quest for the
                  | Orb.
     0 | D:1      | Reached XP level 1. HP: 15/15 MP: 3/3
    28 | D:1      | Reached skill level 1 in Fighting
    65 | D:1      | Reached skill level 3 in Unarmed Combat
   305 | D:1      | Reached XP level 2. HP: 23/23 MP: 4/4
   977 | D:1      | Identified a scroll of acquirement
   977 | D:1      | Acquired the ring of Ofohio {rN+ Will+ MP+9 Slay+2}
  1384 | D:2      | Reached skill level 4 in Unarmed Combat
  1384 | D:2      | Reached XP level 3. HP: 28/28 MP: 5/5
  2073 | D:3      | Identified the +1 sling of Frustration {drain, ^Contam
                  | Will+ SInv}
  2336 | D:3      | Identified the +7 arbalest "Geimue Sevo" {freeze, rN+
                  | Dex+3}
  2339 | D:3      | Noticed Ijyb
  2352 | D:3      | Gained mutation: You occasionally shout uncontrollably at
                  | your foes. [potion of mutation]
  2352 | D:3      | Lost mutation: You occasionally shout uncontrollably at
                  | your foes. [potion of mutation]
  2353 | D:3      | Killed from afar by Ijyb

Illustrated notes

Levels and vault maps discovered:
D:1:      sevenhm_arrival_forest_fort_large_4, layout_basic
D:2:      layout_basic, basic_altar, shapermc_ecumenical_altar_totnotflames,
          item_on_display_a
D:3:      layout_basic, uniq_ijyb

Skill      XL: |  1  2 |
---------------+-------+-----
Fighting       | 1 |  1.0
Unarmed Combat | 3 4 |  4.3
Dodging        | |  1.7
Shapeshifting  | |  2.6

Action                     || total
---------------------------++-------
  Melee: Unarmed           ||   109
         Punch             ||     3
   Fire: Arbalest          ||     1
    Use: Scroll            ||     3
         Potion            ||     3
   Stab: Sleeping          ||     1
 Armour: Animal skin       ||    18
         Scale mail        ||    18
         Skin              ||     3
  Dodge: Dodged            ||    63

Table legend: (Time is in decaauts)
 A = Elapsed time spent in this place.
 B = Non-inter-level travel time spent in this place.
 C = Inter-level travel time spent in this place.
 D = Time resting spent in this place.
 E = Time spent auto-exploring this place.
 F = Levels seen in this place.
 G = Mean time per level.
                   A        B        C        D        E       F      G
               +--------+--------+--------+--------+--------+-----+--------+
         Total |   2344 |   2289 |     55 |    221 |   1691 |   3 |  781.3 |
       Dungeon |   2344 |   2289 |     55 |    221 |   1691 |   3 |  781.3 |
               +--------+--------+--------+--------+--------+-----+--------+

Top non-repeatable levels by time:
     D:1: 1052 daAuts
     D:2: 839 daAuts
     D:3: 452 daAuts
